 Dungeon Crawl Stone Soup version 0.30-a0-1112-gfb780f5df6 (webtiles) character file.

Game seed: 2968400109501939156

386 hwolsky the Chopper (level 6, -3/56 HPs)
             Began as a Minotaur Fighter on Apr 19, 2023.
             Slain by a lemure (5 damage)
             ... led by Pikel
             ... on level 4 of the Dungeon.
             The game lasted 00:06:34 (2744 turns).

hwolsky the Chopper (Minotaur Fighter)              Turns: 2744, Time: 00:06:35

Health: -3/56      AC:  9    Str: 22    XL:     6   Next: 48%
Magic:  5/5        EV:  9    Int:  5    God:
Gold:   294        SH:  5    Dex: 10    Spells: 5/5 levels left

rFire   . . .      SeeInvis .    a - +0 war axe
rCold   . . .      Faith    .    c - +0 buckler
rNeg    . . .      Spirit   .    b - +0 scale mail
rPois   .          Reflect  .    (helmet restricted)
rElec   .          Rampage  .    d - +1 cloak
rCorr   .                        (no gloves)
Will    .....                    (no boots) Stlth
                                 (no amulet)
HPRegen 0.29/turn                (no ring)
MPRegen 0.09/turn                (no ring)

@: no status effects
A: horns 2, retaliatory headbutt
a: no special abilities


You were on level 4 of the Dungeon.
You visited 1 branch of the dungeon, and saw 4 of its levels.

You collected 294 gold pieces.

Inventory:

Hand Weapons
 a - a +0 war axe (weapon)
Armour
 b - a +0 scale mail (worn)
 c - a +0 buckler (worn)
 d - a +1 cloak (worn)
Wands
 g - a wand of quicksilver (3)
 h - a wand of flame (15)
Scrolls
 f - a scroll of amnesia
Potions
 i - a potion of mutation
 j - a potion of flight {unknown}
 k - a potion of heal wounds {unknown}


   Skills:
 + Level 5.2 Fighting
 * Level 5.3 Axes
 + Level 5.2 Armour
 + Level 5.2 Shields


You had 5 spell levels left.
You didn't know any spells.
Your spell library contained the following spells:

 Spells                   Type           Power      Damage    Failure   Level
 Vhi's Electric Charge    Tloc/Air       0%         N/A       99%         3
 Arcjolt                  Conj/Air       0%         1d10      100%        5
 Plasma Beam              Fire/Air       0%         2x1d11    100%        6


Dungeon Overview and Level Annotations

Branches:
Dungeon (4/15)
 Temple: D:4-7

Altars:
Vehumet

Annotations:
D:4 Pikel


Innate Abilities, Weirdness & Mutations

You have a pair of horns on your head.
You reflexively headbutt those who attack you in melee.


Message History

Pikel is lightly wounded.
You closely miss the lemure. You barely miss the lemure.
You hit the lemure but do no damage. You hit the hound.
You kill the hound!
Pikel hits you with a +0 whip of flaming.
Pikel burns you. The lemure hits you. The lemure hits you but does no damage.
You closely miss Pikel.
Pikel is lightly wounded.
You closely miss the lemure. x2; You slash the lemure!
Pikel hits you with a +0 whip of flaming.
Pikel burns you.
The lemure hits you. x2; The lemure closely misses you.
The lemure hits you. The lemure barely misses you. You furiously retaliate!
You headbutt the lemure.
Pikel hits you with a +0 whip of flaming.
* * * LOW HITPOINT WARNING * * *
Pikel burns you.
* * * LOW HITPOINT WARNING * * *
You block the lemure's attack. The lemure barely misses you.
You hit the lemure. Your headbutt misses the lemure.
The lemure is severely wounded.
You hit the lemure but do no damage. You hit Pikel but do no damage.
You barely miss the lemure. You hit the lemure. You block the lemure's attack.
Pikel hits you with a +0 whip of flaming.
* * * LOW HITPOINT WARNING * * *
Pikel burns you.
* * * LOW HITPOINT WARNING * * *
The lemure hits you.
* * * LOW HITPOINT WARNING * * *
The lemure hits you but does no damage. You block the lemure's attack.
You feel better. The lemure hits you.
* * * LOW HITPOINT WARNING * * *
The lemure closely misses you. You furiously retaliate!
You headbutt the lemure! The lemure hits you.
* * * LOW HITPOINT WARNING * * *
You slash the lemure! Your headbutt misses the lemure.
The lemure is almost dead.
You barely miss the lemure. You closely miss the lemure. You barely miss Pikel.
You hit the lemure but do no damage. You block the lemure's attack.
The lemure hits you but does no damage. The lemure hits you.
You die...

##########
....).5K.#
.....K5@.#
......55.#
..........#
#.####....#
. #.#..# ..
..# #.# #.#
.. [. ..#
#..


You could see Pikel, 4 lemures and a kobold.

Vanquished Creatures
  Sigmund (D:2)
  A hound (D:4)
  A jelly (D:1)
  Crazy Yiuf (D:2)
  Robin (D:2)
  2 adders (D:2)
  3 worms
  3 dart slugs
  An orc (D:3)
  7 ball pythons
  3 bats
  5 endoplasms
  7 giant cockroaches (D:1)
  12 goblins
  8 hobgoblins
  6 jackals (D:1)
  4 quokkas
  11 frilled lizards
  4 kobolds
  5 rats
86 creatures vanquished.

Vanquished Creatures (others)
  2 goblins (D:2)
  8 plants
10 creatures vanquished.

Grand Total: 96 creatures vanquished

Notes
Turn   | Place    | Note
-------+----------+-------------------------------------------
     0 | D:1      | hwolsky the Minotaur Fighter began the quest for the Orb.
     0 | D:1      | Reached XP level 1. HP: 19/19 MP: 0/0
     1 | D:1      | Found a runed translucent door.
     2 | D:1      | Noticed a jelly
    62 | D:1      | Reached XP level 2. HP: 26/27 MP: 1/1
   746 | D:1      | Reached XP level 3. HP: 27/33 MP: 2/2
  1009 | D:1      | Reached XP level 4. HP: 32/40 MP: 3/3
  1260 | D:2      | Noticed Robin
  1271 | D:2      | Killed Robin
  1501 | D:2      | Found a runed translucent door.
  1502 | D:2      | Noticed Crazy Yiuf
  1620 | D:2      | Reached XP level 5. HP: 47/47 MP: 4/4
  1663 | D:2      | Noticed Sigmund
  1667 | D:2      | Killed Sigmund
  1668 | D:2      | Reached skill level 5 in Fighting
  1668 | D:2      | Reached skill level 5 in Axes
  1668 | D:2      | Reached skill level 5 in Armour
  1668 | D:2      | Reached skill level 5 in Shields
  1668 | D:2      | Reached XP level 6. HP: 56/56 MP: 5/5
  2049 | D:2      | Killed Crazy Yiuf
  2126 | D:3      | Found a radiant altar of Vehumet.
  2488 | D:3      | Found a faded altar of an unknown god.
  2732 | D:4      | Noticed Pikel
  2743 | D:4      | HP: 2/56 [lemure[Pikel] (4)]
  2744 | D:4      | Slain by a lemure

Illustrated notes

Levels and vault maps discovered:
D:1:      dpeg_arrival_caged_fury, layout_loops_ring, serial_forest,
          infiniplex_forest_pool, infiniplex_forest_clump_curved,
          infiniplex_forest_end_1, infiniplex_forest_end_1,
          infiniplex_forest_end_2, infiniplex_forest_straight_2,
          infiniplex_forest_straight_4
D:2:      layout_basic, minmay_lizard_king, uniq_robin, uniq_sigmund,
          uniq_crazy_yiuf_cottage
D:3:      layout_loops_ring, mainiacjoe_overflow_catwalk,
          hellmonk_ecumenical_altar_lost_god
D:4:      layout_rooms, bloody_trog, mainiacjoe_overflow_24_doors,
          nicolae_gozag_zags_fifth_avenue, nemelex_xobeh_ov_fountains_minmay,
          minmay_temple_entry_sparse_star, uniq_menkaure, uniq_grinder,
          uniq_pikel

Skill      XL: |  1  2  3  4  5 |
---------------+----------------+-----
Armour         | 4 5 |  5.2
Fighting       | 4 5 |  5.2
Shields        | 4 5 |  5.2
Axes           | 3 4 5 |  5.3

Action                     |  1- 3 |  4- 6 || total
---------------------------+-------+-------++-------
  Melee: War axe           |    58 |   127 ||   185
         Headbutt          |     4 |    18 ||    22
    Use: Scroll            |     2 |     4 ||     6
         Potion            |       |     2 ||     2
 Armour: Scale mail        |    39 |    73 ||   112
  Dodge: Dodged            |    40 |    74 ||   114
  Block: Buckler           |     6 |    44 ||    50

Table legend: (Time is in decaauts)
 A = Elapsed time spent in this place.
 B = Non-inter-level travel time spent in this place.
 C = Inter-level travel time spent in this place.
 D = Time resting spent in this place.
 E = Time spent auto-exploring this place.
 F = Levels seen in this place.
 G = Mean time per level.
                   A        B        C        D        E       F      G
               +--------+--------+--------+--------+--------+-----+--------+
         Total |   2810 |   2753 |     57 |     77 |   1983 |   4 |  702.5 |
       Dungeon |   2810 |   2753 |     57 |     77 |   1983 |   4 |  702.5 |
               +--------+--------+--------+--------+--------+-----+--------+

Top non-repeatable levels by time:
     D:1: 1106 daAuts
     D:2: 1049 daAuts
     D:3: 641 daAuts
     D:4: 14 daAuts
